[Event "9th Floripa Open 2023"]
[Site "Florianopolis"]
[Date "2023.01.27"]
[Round "7.1"]
[White "Matsuura, Everaldo"]
[Black "Pichot, Alan"]
[Result "0-1"]
[ECO "B90"]
[WhiteElo "2426"]
[BlackElo "2634"]
[Annotator "TA"]
[PlyCount "115"]
[EventDate "2023.01.23"]
[EventType "swiss"]
[EventCountry "BRA"]
[SourceTitle "playchess.com"]
[Source "ChessBase"]
[SourceQuality "1"]
[TimeControl "5400+30"]

1. e4 c5 2. Nf3 d6 3. d4 cxd4 4. Nxd4 Nf6 5. Nc3 a6 6. Be3 e5 7. Nb3 Be6 8. Qd2 Nbd7 9. O-O-O {[%emt 0:00:50] B90: Sicilian Najdorf: Unusual White 6th moves, 6 Be3 Ng4 and 6 Be3 e5.} b5 $1 {[%emt 0:01:05][%mdl 4] now scores much better than the old 9...Be7.} 10. f4 Rc8 (10... Be7 $11) 11. Kb1 {[%emt 0:01:39] White is slightly better.} Be7 12. f5 Bc4 13. g4 b4 (13... Nxg4 $11 14. Rg1 Nxe3 15. Qxe3 Bxf1 16. Rdxf1 Rg8) 14. Bxc4 $14 {[%emt 0:08:50] [#]} bxc3 $146 ({Predecessor:} 14... Rxc4 15. Nd5 h6 16. Qd3 Nxd5 17. Qxd5 Rc8 18. Rhg1 Qc7 19. Rg2 Nf6 20. Qd3 Qc6 {0-1 Martin Grillo,R (2282)-Panelo Munoz,M (2414) Barcelona Sants op 10th 2008 (6)}) 15. Qd3 Nxg4 16. Bxa6 {[%emt 0:01:16] This pair of bishops is nice.} Rc7 (16... Ra8 {is more complex.} 17. Bb5 cxb2 18. Rhg1 Nxe3 19. Qxe3 Kf8) 17. Rhg1 Nxe3 18. Qxe3 Kf8 {[%emt 0:01:00] Black is weak on the light squares} 19. Bb5 (19. Qg3 g6 $11) (19. bxc3 {simplifies} Qa8 20. Bb5 Rg8 21. a4) 19... cxb2 20. f6 Nxf6 21. Rxg7 $1 {[%emt 0:04:51][%mdl 64] [#] Decoy} Nh5 (21... Kxg7 $2 22. Qg5+ Kf8 23. Qh6+ (23. Kxb2 $2 h6 $19) 23... Kg8 24. Rg1+ $18 (24. Kxb2 $2 Nxe4 25. Rg1+ Ng5 $19) (24. Kxb2 $2 Nxe4 25. Rg1+ Ng5 $19)) 22. Rgg1 {[%emt 0:11:49] White wants to mate with Qh6+.} Nf4 23. Kxb2 (23. Nd4 {feels hotter.} Qc8 24. c4 exd4 25. Qxf4 Qe6 26. Rxd4 Rg8 27. Rxg8+ Kxg8 28. Rd5) 23... Bg5 (23... Qc8 {keeps more tension.} 24. c4 h5 25. Nd4 Qh3) 24. Qf3 (24. c4 {with more complications.} Rg8 25. c5 Ne6 26. Qf2) 24... h6 25. a4 Qc8 26. c3 Ke7 27. Rgf1 Qe6 28. c4 Rhc8 29. Rc1 Qg6 30. Rc2 Kf8 31. Rd1 Qe6 32. a5 (32. Rcd2 $5 ) 32... Be7 33. a6 Rb8 34. Qe3 (34. Qg3 {is interesting.} Qc8 35. Rcd2 Rxc4 36. Bxc4 Qxc4 37. Rg1) 34... Qc8 {[%emt 0:00:04][%cal Ob8b5] [#] White must now prevent ...Rxb5!} 35. Rc3 Bg5 {[%emt 0:00:26][%cal Of4d5] Threatens to win with ...Nd5!} 36. Qf3 (36. Rxd6 $2 Nd5 $19) 36... Rb6 37. Ra1 Ra7 38. Qf2 Qc7 39. Kc2 Bd8 40. Rd1 (40. Kb2 $11) 40... Qb8 ({Black should try} 40... Rbxa6 $17 {Hoping for ...Ra2+.} 41. Bxa6 Rxa6) 41. Ra1 $11 Qa8 42. Nd2 Ne6 43. Rd3 Qc8 44. Kd1 Nc5 45. Rf3 Bg5 (45... Qg4 $5 ) 46. Ra2 (46. h3 $11 {is superior.}) 46... Qe6 (46... Qg4 $15 47. Raa3 Qh5) 47. h4 (47. Nb3 $11) 47... Bf4 {[%emt 0:00:36] Black is more active.} ({Black should play} 47... Bxd2 $15 48. Rxd2 Raxa6 49. Bxa6 Rb1+ 50. Kc2 Ra1) 48. Rxf4 (48. Nb3 $11 {keeps the balance.}) 48... exf4 $17 49. Qxf4 Ke7 {[%emt 0:01:38] aiming for ...Rxb5.} ({Of course not} 49... Nxa6 $6 50. Qe3 Qg4+ 51. Kc1 Qxh4 52. Ra4 $11 (52. Qxb6 Qe1+ {[%mdl 64] Deflection} 53. Kb2 Qxd2+ 54. Kb1 Qd3+ 55. Kb2 Qe2+ 56. Ka1 Qf1+ 57. Kb2 Qg2+ 58. Ka1 Qh1+ 59. Kb2 Qh2+ 60. Kb1 Qh1+ 61. Kb2 Qg2+ 62. Ka1 Qh1+ 63. Kb2 $11)) 50. Ra3 Qf6 {[%emt 0:00:43] Chess con chili.} 51. Qxf6+ Kxf6 52. Ke2 Ke7 ({Reject} 52... Nxa6 $6 53. Nf1 $11) (52... Ke5 $17) 53. Ke3 (53. Nf1 $11) 53... Nxa6 {[%emt 0:01:01] Black is better.} 54. Nf3 Ra8 55. Nd4 Nc7 56. Nf5+ Kf6 57. Rxa8 Nxa8 58. Kf4 {[%emt 0:01:09] A cool game by Pichot.   Weighted Error Value: White=0.17 (very precise) /Black=0.17 (very precise)} (58. Nxh6 $17 {keeps fighting.} Nc7 59. Bd7) 0-1

[Event "9th Floripa Open 2023"]
[Site "Florianopolis"]
[Date "2023.01.27"]
[Round "7.2"]
[White "Di Berardino, Diego Rafael"]
[Black "Mareco, Sandro"]
[Result "1/2-1/2"]
[ECO "E49"]
[WhiteElo "2458"]
[BlackElo "2625"]
[Annotator "TA"]
[PlyCount "46"]
[EventDate "2023.01.23"]
[EventType "swiss"]
[EventCountry "BRA"]
[SourceTitle "playchess.com"]
[Source "ChessBase"]
[SourceQuality "1"]
[TimeControl "5400+30"]

1. d4 Nf6 2. c4 e6 3. Nc3 Bb4 4. e3 O-O 5. Bd3 d5 6. a3 Bxc3+ 7. bxc3 c6 8. a4 {[%emt 0:02:06] [#] E49: Nimzo-Indian: Rubinstein: 5 Bd3 d5 6 a3 Bxc3+ 7 bxc3.} Qc7 $146 ({Predecessor:} 8... b6 9. Ba3 Re8 10. Nf3 Ba6 11. cxd5 Bxd3 12. Qxd3 cxd5 13. c4 Nc6 14. O-O dxc4 15. Qxc4 Rc8 {½-½ Sarana,A (2666)-Cheparinov,I (2664) Wch Rapid Warsaw 2021 (4)}) 9. Nf3 b6 10. Ba3 Re8 11. O-O Ba6 12. cxd5 cxd5 13. Bxa6 Nxa6 14. Qd3 Qb7 15. Nd2 e5 16. Rfb1 Rac8 17. c4 exd4 {[%emt 0:05:54] The position is equal.} 18. exd4 Nc7 19. c5 Qc6 20. cxb6 axb6 21. Nf3 Qxa4 22. Be7 {[%emt 0:06:57][%mdl 64] [#] Discovered Attack} Qc4 (22... Qc6 $5 23. Rc1 Qe6 24. Bxf6 Qxf6 $15) 23. Qf5 Qc6 {[%emt 0:10:47] An uneventful encounter.   Weighted Error Value: White=0.06 (flawless) /Black=0.08 (flawless)} 1/2-1/2

[Event "9th Floripa Open 2023"]
[Site "Florianopolis"]
[Date "2023.01.27"]
[Round "7.3"]
[White "Fier, Alexandr"]
[Black "Cori T., Deysi"]
[Result "1-0"]
[ECO "C18"]
[WhiteElo "2602"]
[BlackElo "2356"]
[Annotator "TA"]
[PlyCount "84"]
[EventDate "2023.01.23"]
[EventType "swiss"]
[EventCountry "BRA"]
[SourceTitle "playchess.com"]
[Source "ChessBase"]
[SourceQuality "1"]
[TimeControl "5400+30"]

1. e4 e6 2. d4 d5 3. Nc3 Bb4 4. e5 c5 5. a3 Bxc3+ 6. bxc3 Qc7 7. Qg4 f6 {[%emt 0:00:31] seems to push 7...f5 aside.} 8. Bb5+ Nc6 {[%emt 0:01:11] C18: French: 3 Nc3 Bb4: Main line: 7 h4 and 7 Qg4.} 9. Nf3 {[%emt 0:01:56] [#]} (9. dxc5 $6 Qxe5+ 10. Ne2 Kf7 $11) (9. Bxc6+ {simplifies} bxc6 10. Nf3 cxd4 11. cxd4 Qf7 12. O-O) 9... h5 $146 {[%emt 0:10:09] Black is weak on the dark squares} ({Predecessor:} 9... Qf7 10. a4 Bd7 11. Ba3 c4 12. Qf4 Nge7 13. Bxe7 Qxe7 14. Bxc6 Bxc6 15. h4 a5 16. h5 {½-½ Preotu,R (2520)-Matsenko,S (2530) Texas Collegiate Superfinal 2018 (4.1)}) 10. Qg3 {[%emt 0:04:11] White is much more active.} cxd4 {[%emt 0:02:16] White is better.} 11. exf6 (11. Nxd4 Qxe5+ 12. Qxe5 fxe5 13. Nxc6 Bd7 $11) 11... Qxg3 12. hxg3 Nxf6 13. cxd4 (13. Nxd4 Bd7 $11) 13... Bd7 14. Bd3 O-O-O 15. Bf4 Ne4 16. Ne5 Be8 {[%emt 0:06:56] Prevents Nf7.} 17. Nxc6 Bxc6 18. Be5 Rd7 (18... Nf6 $142) 19. f3 $16 Nd6 20. g4 h4 21. Kf2 Bb5 22. Rae1 Bxd3 23. cxd3 b6 24. a4 Nb7 (24... Kb7 $16 25. Re2 Rh6) 25. Bf4 (25. Rc1+ $18 {has better winning chances.} Kd8 26. Rc6) 25... Nd8 26. Bg5 (26. a5 $16) 26... Rc7 ({Black should try} 26... Nc6 $1 $14) 27. Rxh4 Rxh4 28. Bxh4 {[%emt 0:00:04][%mdl 4096] Endgame KRB-KRN} Rc2+ 29. Kg3 {[%emt 0:00:05] Hoping for Bxd8.} Nc6 (29... Rc6 $16 {was called for.} 30. Re5 Rc3) 30. Rxe6 $18 Nxd4 31. Re8+ Kb7 32. Kh3 Re2 33. Rf8 Ne6 34. Rf7+ {[%emt 0:00:19][%mdl 64] Deflection} Kc6 {[%emt 0:00:05] [#]} 35. f4 $1 ({Don't take} 35. Rxa7 $6 Rd2 $16) 35... Kc5 $2 (35... d4 36. Bg3 (36. Rxa7 Nxf4+ 37. Kg3 Nxd3 $17) 36... Re3) 36. f5 {[%emt 0:01:13] White is clearly winning.} ({Not} 36. Rxa7 Nxf4+ 37. Kg3 Ne6 $11) 36... Nf4+ 37. Kg3 Nxd3 38. Rxg7 {[%emt 0:00:04] f6 would be deadly.} Re3+ 39. Kh2 {[%emt 0:00:04][%cal Of5f6] [#] aiming for f6!} d4 40. f6 {[%emt 0:00:30][%cal Of6f7] Black must now prevent f7!} Nf4 41. f7 Ne6 42. Rg6 Kd5 {[%emt 0:01:21] Weighted Error Value: White=0.13 (very precise) /Black=0.35} 1-0

[Event "9th Floripa Open 2023"]
[Site "Florianopolis"]
[Date "2023.01.27"]
[Round "7.4"]
[White "Flores Quillas, Diego Saul Rodri"]
[Black "Delgado Ramirez, Neuris"]
[Result "1/2-1/2"]
[ECO "B81"]
[WhiteElo "2321"]
[BlackElo "2562"]
[Annotator "TA"]
[PlyCount "71"]
[EventDate "2023.01.23"]
[EventType "swiss"]
[EventCountry "BRA"]
[SourceTitle "playchess.com"]
[Source "ChessBase"]
[SourceQuality "1"]
[TimeControl "5400+30"]

1. e4 c5 2. Nf3 d6 3. d4 cxd4 4. Nxd4 Nf6 5. Nc3 a6 6. h3 e6 7. g4 h6 8. Bg2 Nc6 9. Be3 Bd7 {[%emt 0:02:28] B81: Sicilian Scheveningen: Keres Attack.} 10. Qe2 (10. f4 $1 $14) 10... Nxd4 $11 11. Bxd4 e5 12. Be3 Rc8 13. f4 Be7 14. O-O-O {[%emt 0:01:58] [#]} Rxc3 $146 ({Predecessor:} 14... Qa5 15. Kb1 Rxc3 16. Bd2 Rxc2 17. Kxc2 Qxa2 18. Rb1 O-O 19. Bc3 Rc8 20. Ra1 Ba4+ {0-1 Stean,M-Hartston,W BBC TV Master Game 1975 (1.2)}) 15. bxc3 Qc7 16. Kb2 (16. c4 $1 $11) 16... Be6 $15 17. Ra1 (17. g5 $1 $15 hxg5 18. fxg5) 17... d5 ({Better is} 17... exf4 $19 18. Bxf4 Nd7) 18. a4 $1 (18. f5 Ba3+ 19. Kb3 Qa5) 18... exf4 (18... dxe4 19. fxe5 Bc4 20. Qf2 Qxe5 21. Qf4 Qxf4 22. Bxf4 $11) 19. Bd4 dxe4 20. Bxe4 O-O 21. Bf5 Bd5 (21... Bxf5 $15 22. gxf5 Bc5) 22. Rhe1 $11 Bc5 23. Bxc5 Qxc5 24. Qe7 Qc6 25. h4 {[%emt 0:03:37] Hoping for g5. Chess con chili. Active counter play!} Bc4 26. g5 Nd5 27. Bh7+ {[%emt 0:00:05][%mdl 64] Deflection} Kxh7 28. Qxf8 {[%emt 0:00:02] And now gxh6 would win.} Qb6+ (28... Bb3 $1 $11 {remains equal.} 29. cxb3 (29. Kxb3 $2 Qxc3+ 30. Ka2 Qxc2+ 31. Ka3 Qc3+ 32. Ka2 Nb4+ $19) 29... Qxc3+ 30. Ka3 Ne3 31. Qxf7 Nc2+ 32. Ka2 Nb4+ 33. Ka3 Nc2+ 34. Ka2 Nb4+ 35. Ka3 Nc2+) 29. Kc1 $16 Nxc3 {[%emt 0:13:57] ...f3 would be deadly.} (29... Qf2 $2 30. g6+ (30. Re8 Ne3 $17) 30... Kxg6 31. h5+ Kxh5 32. Qxf7+ Kg4 33. Qxg7+ (33. Qg6+ Kf3 $18) 33... Kf3 34. Qe5 $18) 30. gxh6 Qxh6 {[%emt 0:00:11] [#]} (30... gxh6 $142 31. Ra3 Na2+ 32. Rxa2 Bxa2) 31. Qc5 $1 ({Not} 31. Re8 $2 Ne2+ 32. Kd2 f3+ 33. Re3 Ng3 $19) 31... Ne2+ $2 {[%emt 0:01:06] [#]} (31... b5 $16) 32. Rxe2 $1 Bxe2 $11 {[%emt 0:00:05] The position is equal.} 33. Qf5+ Kg8 {[%emt 0:00:19] Strongly threatening ...f3+.} (33... Kh8 $5 34. Qc8+ $8 Kh7 35. Qf5+ Kh8 36. Qc8+ Kh7 37. Qf5+ $11) 34. Qc8+ Kh7 35. Qf5+ Kg8 {[%emt 0:00:05] ...f3+ is the strong threat.} 36. Qc8+ {[%emt 0:00:11] An exciting game.   Weighted Error Value: White=0.27 (precise) /Black=0.27 (precise)} 1/2-1/2

[Event "9th Floripa Open 2023"]
[Site "Florianopolis"]
[Date "2023.01.27"]
[Round "7.5"]
[White "Rodrigues, Edgar"]
[Black "Mekhitarian, Krikor Sevag"]
[Result "1/2-1/2"]
[ECO "C45"]
[WhiteElo "2299"]
[BlackElo "2551"]
[Annotator "TA"]
[PlyCount "82"]
[EventDate "2023.01.23"]
[EventType "swiss"]
[EventCountry "BRA"]
[SourceTitle "playchess.com"]
[Source "ChessBase"]
[SourceQuality "1"]
[TimeControl "5400+30"]

1. e4 e5 2. Nf3 Nc6 3. d4 exd4 4. Nxd4 Nf6 5. Nxc6 bxc6 6. e5 Qe7 7. Qe2 Nd5 8. c4 Ba6 9. b3 g6 10. Bb2 {[%emt 0:00:37] Recently 10.Ba3 got a lot of attention.} Bg7 11. Nd2 Nb4 {[%emt 0:05:28] C45: Scotch Game.} 12. Nf3 c5 13. g3 $1 d5 {[%emt 0:00:28][%cal Bd7d5,Bd5d4][%mdl 32] Strongly threatening ...dxc4.} 14. a3 Nc6 15. Bg2 $1 O-O {[%emt 0:00:49] Threatens to win with ...Rab8.} 16. O-O Rab8 {[%emt 0:03:38] [#]} 17. Qc2 $146 ({Predecessor:} 17. Nd2 Rfd8 18. f4 Na5 19. f5 gxf5 20. Rxf5 Nxb3 21. Raf1 Nxd2 22. Rxf7 Qg5 23. R1f5 Qh6 24. Qg4 Rxb2 25. Rf8+ Rxf8 26. Bxd5+ Rf7 27. Rxf7 Qxh2+ {0-1 Petrosian,D (2490)-Grandelius,N (2476) Sarajevo Bosna op 40th 2010 (7)}) 17... d4 18. Rfe1 Bc8 19. Nd2 Bf5 (19... Nxe5 20. f4 $16) 20. Qd1 Rb6 (20... Nxe5 $2 21. f4 $16) (20... Qd7 $5 ) 21. b4 cxb4 (21... Bxe5 $2 22. f4 $18) (21... Qd7 $11) 22. Bxc6 $14 Rxc6 23. axb4 {[%emt 0:00:33] b5 is the strong threat.} Qxb4 24. Ba3 Qc3 {[%emt 0:00:09] Hoping for ...Rb8.} 25. Bxf8 Bxf8 26. Rc1 (26. Rxa7 Bb4 27. Ra2 Kg7 $11) 26... Qb2 27. Qf3 (27. Ne4 $14) 27... Ra6 (27... Re6 $11 28. g4 Rxe5 29. gxf5 Qxd2 30. Rxe5 Qxc1+ 31. Kg2 Qg5+ 32. Kf1 (32. Qg3 Qf6 $11) 32... Qd2) 28. Ne4 $16 Ra2 (28... Kg7 $16) 29. Nf6+ (29. Rb1 $18 Qc2 30. Nf6+ Kg7 31. Ne8+ (31. Rb8 Qc3 $14) 31... Kg8 32. Nf6+ (32. Nxc7 Qc3 $11) 32... Kg7 33. g4 (33. Rb8 Qc3 $11)) 29... Kg7 30. g4 (30. Nh5+ $16 Kg8 31. Rcd1) 30... Be6 $2 {[%emt 0:00:10] [#]} (30... d3 $1 $11 31. Ne8+ (31. gxf5 d2 $11) 31... Kh8) 31. Rb1 (31. Ne8+ $1 $18 Kg8 32. Rb1 (32. Nxc7 $2 {loses.} Bxg4 33. Qg3 d3 $19)) 31... Qc3 32. Ne8+ Kg8 (32... Kh8 $2 33. Qf6+ Kg8 34. Nxc7 Qxc4 35. Nxe6 Qxe6 36. h3 $18) 33. Nf6+ Kg7 34. Ne8+ Kg8 $1 {[%emt 0:00:04] [#]} (34... Kh8 $2 35. Qf6+ Kg8 36. Nxc7 Qxc4 37. Nxe6 Qxe6 38. h3 $18) 35. Qa8 {[%emt 0:05:47] Dancing on a razor blade.} (35. Qf4 $1 $16) 35... Qd2 36. Nf6+ Kg7 37. Rf1 ({White should try} 37. Qg2 $16) 37... Bxc4 $11 {[%emt 0:02:01] The position is equal.} 38. Ne8+ Kg8 $1 39. Nf6+ Kg7 40. Ne8+ Kg8 $1 41. Nf6+ Kg7 {[%emt 0:00:05] An interesting game.   Weighted Error Value: White=0.31/Black=0.19 (very precise)} 1/2-1/2

[Event "9th Floripa Open 2023"]
[Site "Florianopolis"]
[Date "2023.01.27"]
[Round "7.6"]
[White "Barbosa, Evandro Amorim"]
[Black "Coro, Lucas"]
[Result "1-0"]
[ECO "B47"]
[WhiteElo "2482"]
[BlackElo "2272"]
[Annotator "TA"]
[PlyCount "99"]
[EventDate "2023.01.23"]
[EventType "swiss"]
[EventCountry "BRA"]
[SourceTitle "playchess.com"]
[Source "ChessBase"]
[SourceQuality "1"]
[TimeControl "5400+30"]

1. e4 c5 2. Nf3 e6 3. d4 cxd4 4. Nxd4 Nc6 5. Nc3 a6 6. Be2 Qc7 7. Nxc6 {[%emt 0:01:01] B47: Sicilian: Taimanov: 5 Nc3 Qc7 6 f4, 6 g3 and 6 Be2.} bxc6 8. Qd3 Nf6 9. Qg3 {[%emt 0:00:32] The position is equal.} Qxg3 10. hxg3 (10. fxg3 d5 $11) 10... Bb4 11. Bd2 d5 12. g4 O-O (12... Nxe4 $2 13. Nxe4 Bxd2+ 14. Nxd2 $18) 13. f3 h6 14. O-O-O a5 {[%emt 0:11:36] [#]} 15. a3 $146 ({Predecessor:} 15. g5 hxg5 16. Bxg5 Nd7 17. Na4 Bd6 18. Be3 f5 19. exd5 exd5 20. Bc4 Bb7 21. Kb1 {½-½ Miettinen,K (2406)-Tauriainen,M (2375) FIN-ch70 email 2019}) 15... Bd6 16. Rh3 (16. f4 $5 d4 17. e5 (17. Be3 dxc3 18. Rxd6 Nxe4 $15) 17... dxc3 18. Bxc3 $14) 16... e5 17. Rh2 {[%emt 0:02:58] [#] Strongly threatening g5.} Be6 ({Better is} 17... d4 $14) 18. g5 $16 Nh7 (18... hxg5 $2 19. Rdh1 (19. Bxg5 Rfb8 $16) 19... g6 20. Bxg5) 19. gxh6 g6 20. exd5 cxd5 21. Nb5 Bc5 (21... Bb8 $16 22. Rdh1 f5) 22. Nc7 $18 Ra7 23. Nxe6 fxe6 24. Bd3 Kf7 25. Rh4 Bd4 26. c3 Bc5 27. Rdh1 Rc7 28. R1h3 Nf6 29. Kd1 Rh8 30. Ke2 {[%emt 0:00:53] Rg3 would be deadly.} Bd6 31. Ra4 Rb7 32. Bc1 Bc7 33. Bc2 Rbb8 $2 (33... Rhb8 {is a better defense.} 34. h7 Rh8) 34. Rg3 (34. Bxg6+ $142 Ke7 35. h7) 34... Rbg8 35. b4 e4 (35... Nh5 $142 36. Rg4 Nf4+ 37. Bxf4 exf4 38. bxa5 Rxh6) 36. Rh3 g5 37. fxe4 (37. bxa5 g4 38. fxg4 Nxg4 $18) 37... dxe4 38. c4 Bf4 39. Bb2 Rd8 {[%emt 0:00:22] [#] Threatens to win with ...Rd2+.} 40. Bc3 {[%emt 0:00:25] Wards off Rd2+. This pair of bishops is nice.} (40. bxa5 $2 Rd2+ 41. Kf1 Rxc2 42. Bxf6 Kxf6 $19) 40... g4 41. Rh1 Rxh6 $2 (41... axb4 42. axb4 Rxh6 43. Rxh6 (43. Rf1 e5 $16) 43... Bxh6) 42. Rxh6 Bxh6 43. Rxa5 Bf4 44. Ra7+ Kg6 45. Re7 e5 (45... Kf5 {was necessary.} 46. b5 Be5 47. Bxe5 Kxe5) 46. b5 (46. Bxe5 Rd2+ 47. Ke1 Bg5 $16) (46. Re6 $142) 46... Nh5 47. Rxe5 $2 (47. Bxe5 Rd2+ 48. Kf1 Rxc2 49. Bxf4 Nxf4 50. Rxe4 Kf5 $17) (47. Bxe4+ Kf6 48. Ba5 Ng3+ 49. Ke1 Kxe7 $19) (47. Be1 $18 Kf5 48. b6 Ng3+ 49. Bxg3 (49. Kf2 $2 Rh8 $19) 49... Rd2+ 50. Ke1 Rxc2 51. Rf7+ {[%mdl 64] Skewer, Deflection} (51. Bxf4 exf4 52. b7 Rb2 $14) 51... Ke6 52. Bxf4 exf4 53. Rxf4) 47... Ng3+ (47... Bxe5 $11 48. Bxe5 Kf5) 48. Ke1 {[%emt 0:00:54] White is clearly winning.} ({Less strong is} 48. Kf2 Bxe5 49. Bxe5 Kf5 $16) 48... Bxe5 49. Bxe5 Nf5 50. b6 {[%emt 0:00:23] Weighted Error Value: White=0.26 (precise) /Black=0.48} ({Inferior is} 50. Bxe4 Re8 51. Ke2 (51. Bxf5+ $2 Kxf5 52. Kd2 Kxe5 $19) 51... Rxe5 $17) 1-0

[Event "9th Floripa Open 2023"]
[Site "Florianopolis"]
[Date "2023.01.27"]
[Round "7.7"]
[White "Cuenca Jimenez, Jose Fernando"]
[Black "Pires, Marcos Vinicius Tors"]
[Result "1-0"]
[ECO "E04"]
[WhiteElo "2545"]
[BlackElo "2238"]
[Annotator "TA"]
[PlyCount "131"]
[EventDate "2023.01.23"]
[EventType "swiss"]
[EventCountry "BRA"]
[SourceTitle "playchess.com"]
[Source "ChessBase"]
[SourceQuality "1"]
[TimeControl "5400+30"]

1. d4 d5 2. c4 e6 3. Nf3 Nf6 4. g3 dxc4 5. Bg2 c5 6. Qa4+ Bd7 {[%emt 0:04:45] E04: Open Catalan: 5 Nf3.} 7. Qxc4 b5 8. Qc2 {[%emt 0:02:52] White wants to play Ne5.} Na6 {[%emt 0:02:03] The position is equal.} 9. Nc3 Rc8 {[%emt 0:01:55] aiming for ...cxd4.} 10. a3 {[%emt 0:01:18] [#]} Be7 $146 (10... Bc6 $5 11. d5 Nxd5 $11) ({Predecessor:} 10... Bc6 11. dxc5 Bxc5 12. O-O Qb6 13. e3 O-O 14. Bd2 Qb7 15. Ne1 Nb8 16. b4 Be7 {0-1 Sharevich,A (2305)-Sudakova,I (2366) Bykova Memorial-A (Women) 2005 (4)}) 11. dxc5 Nxc5 12. Ne5 O-O 13. O-O Na4 14. Rd1 Nxc3 15. bxc3 Rc7 $1 16. Be3 Qc8 17. Qb2 Rd8 18. Bd4 Be8 19. Nd3 Nd5 20. Be5 Rc4 21. Rdc1 Nb6 22. Qb3 Na4 23. Bd4 Rc7 24. Bf3 (24. Bf1 $142) 24... Nc5 ({Better is} 24... a6 $1 $17 25. e3 Bc6 26. Bxc6 Rxc6) 25. Nxc5 Bxc5 26. Rd1 Bxd4 27. cxd4 Rc3 28. Qb2 Rc2 29. Qb1 Qc4 (29... g6 $142) 30. Qb4 Qxb4 31. axb4 Rc4 32. Rxa7 Rxb4 33. d5 exd5 34. Bxd5 Rxd5 35. Rxd5 $11 {[%emt 0:00:17][%mdl 4096] Endgame Hoping for Re5. KRR-KRB} Rb1+ $1 36. Kg2 Bc6 37. e4 {[%emt 0:00:37] Intending Rd8+ and mate.} Bxd5 38. exd5 {[%emt 0:00:02][%cal Ra7a8] KR-KR} g6 39. Kf3 Kg7 40. Ke4 Kf6 41. Rb7 b4 42. Rb6+ Ke7 43. Ke5 Re1+ 44. Kd4 Rd1+ 45. Kc5 {[%emt 0:00:42] Black must now prevent Rb7+.} Rc1+ 46. Kd4 $1 Rd1+ 47. Ke4 Re1+ 48. Kf4 Rd1 49. Rb7+ Kf6 50. Ke4 Rb1 51. Kd4 b3 52. Kc5 Rc1+ (52... b2 $5 53. Kd6 (53. Rb6+ Kf5 $15) 53... g5 $11) 53. Kd6 Rc2 $2 (53... Rb1 $11 {and Black stays safe.}) 54. Rxb3 $18 Rxf2 55. h4 h5 (55... Ra2 $142 56. Kc7 Rc2+ 57. Kd7 g5 58. Rb6+ Kf5) 56. Re3 {[%emt 0:00:14] Threatens to win with Rd3.} g5 57. hxg5+ {[%emt 0:01:27] White mates.} Kxg5 58. Ke7 Rd2 59. Re5+ $1 ({Not} 59. Kxf7 Kf5 $11) 59... f5 {[%emt 0:00:21] [#]} 60. Ke6 $1 Kg4 61. Rxf5 Rd3 {[%emt 0:06:48] [#]} 62. Kf6 $1 Rd1 63. Rg5+ Kf3 64. Ke7 Re1+ 65. Kd7 Rd1 66. d6 {[%emt 0:00:14] Weighted Error Value: White=0.13 (very precise) /Black=0.31} 1-0

[Event "9th Floripa Open 2023"]
[Site "Florianopolis"]
[Date "2023.01.27"]
[Round "7.8"]
[White "Labussiere, Yago"]
[Black "Languidey, Simon Alejandro"]
[Result "1-0"]
[ECO "E05"]
[WhiteElo "2227"]
[BlackElo "2403"]
[Annotator "TA"]
[PlyCount "126"]
[EventDate "2023.01.23"]
[EventType "swiss"]
[EventCountry "BRA"]
[SourceTitle "playchess.com"]
[Source "ChessBase"]
[SourceQuality "1"]
[TimeControl "5400+30"]

1. d4 e6 2. c4 d5 3. Nf3 Be7 4. g3 Nf6 5. Bg2 O-O 6. O-O dxc4 7. Qc2 a6 8. a4 Nc6 9. Qxc4 Qd5 10. Nbd2 Rd8 11. e3 Qh5 {[%emt 0:02:18] E05: Open Catalan: 5 Nf3 Be7.} 12. h3 {[%emt 0:02:39] 12.e4 is vanishing.} (12. e4 $5 ) 12... Nd5 13. e4 Ndb4 {[%emt 0:05:58] White is slightly better.} 14. Nb3 {[%emt 0:07:38] [#]} b5 $146 ({Predecessor:} 14... b6 15. Bd2 Bb7 16. Rfc1 Rac8 17. a5 bxa5 18. Qc3 Ba8 19. Qe3 Qb5 20. Bf1 Qb6 {1-0 Fraczek,D (2355)-Timko,V (2361) Danube tt5 email 2016 [6]}) 15. axb5 (15. Qc3 $5 bxa4 16. Rxa4 $14) 15... axb5 16. Qc3 Rxa1 17. Nxa1 Bb7 18. Be3 f6 19. Nb3 Na2 20. Qc2 Nab4 21. Qb1 Qe8 22. Rc1 Na6 23. Ne1 Ncb4 24. Nc2 Nxc2 25. Qxc2 Bb4 {[%emt 0:02:29] Prevents Na5} 26. Bd2 {[%emt 0:16:17] aiming for Bxb4.} Qe7 (26... Bf8 $14) 27. Bxb4 $16 Qxb4 28. Qc3 f5 29. Qxb4 Nxb4 30. exf5 {[%emt 0:00:21][%mdl 64] [#] Discovered Attack} Bxg2 31. Kxg2 exf5 32. Rxc7 {[%emt 0:00:11][%mdl 4096] Endgame KRN-KRN} Nd3 33. Rc3 Nxb2 34. Rc5 f4 35. Rxb5 fxg3 36. fxg3 Rf8 37. Re5 Nc4 38. Re2 Rb8 39. Nc5 Rd8 40. Ne6 Rd6 {[%emt 0:00:26] [#]} 41. Ng5 $1 g6 42. h4 h6 43. Nf3 Kf7 44. Kf2 Ra6 45. Rc2 Nd6 46. Ne5+ Kf6 47. Ng4+ Kf5 48. Nxh6+ Ke4 49. Re2+ Kxd4 50. Ng4 Ra3 51. Rd2+ Kc5 {[%emt 0:00:13] Threatens to win with ...Ne4+.} 52. Rc2+ ({White should play} 52. Nf6 $14) 52... Kd5 53. Ne3+ Ke5 54. Ng4+ Kf5 55. Ne3+ Ke5 $1 56. Re2 Ne4+ 57. Kf3 Nf6 $2 {[%emt 0:00:31][%mdl 8192] Black cannot hold the game after this.} (57... Rc3 $14) 58. Kg2 $18 {[%emt 0:00:55] White is clearly winning.} Ra6 59. Ng4+ {[%emt 0:00:31][%mdl 64] Discovered Attack (Double check)} Kd5 60. Nxf6+ Rxf6 61. Kh3 Rf5 62. Kg4 Kd6 63. Re8 Kd7 {[%emt 0:01:08] Weighted Error Value: White=0.09 (flawless) /Black=0.10 (very precise)} 1-0